 Dungeon Crawl Stone Soup version bcrawl-1.39.1 (webtiles) character file.

Game seed: 10074806667768484554

177765 EC1 the Slasher (level 6, -5/43 HPs)
             Began as a Human Gladiator on July 23, 2023.
             Was a Follower of Hepliaklqana.
             Slain by a worker ant (6 damage)
             ... on level 4 of the Dungeon.
             The game lasted 00:09:31 (3191 turns).

EC1 the Slasher (Human Gladiator)                   Turns: 3191, Time: 00:09:32

Health: -5/43      AC:  7    Str: 19    XL:     6   Next: 89%
Magic:  5/5        EV: 12    Int: 11    God:    Hepliaklqana [*.....]
Gold:   143        SH:  2    Dex: 19    Spells: 5/5 levels left

rFire    . . .     GDR:     32% a - +0 long sword
rCold    x . .     SeeInvis .   (no shield)
rNeg     . . .     Gourm    .   o - +1 scale mail
rPois    .         Faith    .   (helmet restricted)
rElec    .         Spirit   .   (no cloak)
rCorr    .         Reflect  .   (no gloves)
MR       .....                  (no boots)
Stlth    ..........             (no amulet)
HPRegen  0.17/turn              u - ring of Lyucke {rC- Str+4 Dex+4 Stlth--} (curse)
MPRegen  0.09/turn              (no ring)

@: lethally poisoned (-5 -> -6)
A: reduced essence, antennae 1, clever 1, low mp 1, subdued magic 1
a: Recall Ancestor, Ancestor Identity, Renounce Religion


You were on level 4 of the Dungeon.
You worshipped Hepliaklqana.
Hepliaklqana was aware of your devotion.
You were hungry.

You visited 1 branch of the dungeon, and saw 4 of its levels.

You collected 143 gold pieces.

Inventory:

Hand Weapons
 a - a +0 long sword (weapon)
 i - a +0 falchion
 p - a +0 hunting sling
 y - a +3 mace
 z - a +2 quarterstaff of chaos
 A - a +1 dagger of speed
Missiles
 d - 3 throwing nets {=f}
 h - 56 needles of frenzy {=f}
 j - 184 bolts
 n - 128 poisoned tomahawks (quivered)
 q - 1239 stones
Armour
 b - a +0 leather armour
 c - a +0 helmet
 o - a +1 scale mail (worn)
 t - a +0 helmet
 w - a +0 cloak
 B - a +0 robe of magic recovery
Jewellery
 u - the cursed ring of Lyucke (left hand) {rC- Str+4 Dex+4 Stlth--}
   (You found it on level 2 of the Dungeon)

   [ring of attention]

   It affects your strength (+4).
   It affects your dexterity (+4).
   It makes you vulnerable to cold.
   It makes you much less stealthy.
   It has a curse placed upon it.
Scrolls
 l - a scroll of amnesia
 r - a scroll of teleportation {unknown}
Potions
 f - a potion of heal wounds
 k - a potion of resistance
 m - a potion of mutation
Comestibles
 e - 5 rations {!d}
 g - a chunk of flesh


   Skills:
 + Level 4.0 Fighting
 + Level 5.7 Long Blades
 + Level 2.3 Throwing
 + Level 2.8 Armour
 + Level 4.2 Dodging
 + Level 0.4 Stealth


You had 5 spell levels left.
You didn't know any spells.
Your spell library was empty.

Dungeon Overview and Level Annotations

Branches:
Dungeon (4/12)
 Temple: D:4-7

Altars:
Hepliaklqana
Trog


Innate Abilities, Weirdness & Mutations

Your life essence is reduced to manifest your ancestor. (-10% HP)
You have a pair of small antennae on your head.
Your mind is acute. (Int +2)
Your magical capacity is low. (-10% MP)
Your spells are a little easier to cast, but a little less powerful.


Message History

The orc priest invokes the aid of Beogh against you.
Beogh smites you!
* * * LOW HITPOINT WARNING * * *
The orc hits you with a +0 mace.
* * * LOW HITPOINT WARNING * * *
The jackal skeleton misses Ingiyab.
Ingiyab hits the adder.
Throwing (i - inventory. (/) - cycle)
n - 129 poisoned tomahawks (quivered)
Press: ? - help, Shift-Dir - straight line, f/p - orc
Aim: an orc, wielding a +0 war axe and wearing a +0 leather armour You throw a poisoned tomahawk.
The poisoned tomahawk closely misses the orc.
The poisoned tomahawk hits the orc.
The orc is poisoned.
The orc is severely wounded.
The worker ant barely misses you. The orc hits you with a +0 mace.
* * * LOW HITPOINT WARNING * * *
The jackal skeleton closely misses Ingiyab.
The worker ant barely misses you.
Ingiyab barely misses the leopard gecko.
The worker ant bites you.
You die...

...# .... #...#
.... . #.#..##
.....
#.#.....##.....
...)..Z........
#..#..R.Z..####
...†..olS...(.#
####..oa##....#
##oa@# ###
#...# #####


You could see the friendly Ingiyab the ancestor, 2 worker ants, an adder, an orc
priest, 2 orcs, a leopard gecko, an adder skeleton and a jackal skeleton.

Vanquished Creatures
  2 orc priests
  Crazy Yiuf (D:3)
  An orc wizard (D:3)
  Jessica (D:3)
  An iguana (D:4)
  Terence (D:2)
  An adder (D:3)
  An ooze (D:1)
  4 dart slugs
  4 leopard geckos
  4 orcs (D:3)
  A ball python (D:2)
  8 bats
  5 giant cockroaches
  6 goblins
  10 hobgoblins
  6 frilled lizards
  5 kobolds
  7 rats
  A fungus (D:3)
  A plant (D:2)
71 creatures vanquished.

Vanquished Creatures (collateral kills)
  An orc wizard (D:3)
  A dart slug (D:3)
  7 orcs
  A ball python (D:2)
  A rat (D:3)
11 creatures vanquished.

Grand Total: 82 creatures vanquished

Notes
Turn   | Place    | Note
-------+----------+-------------------------------------------
     0 | D:1      | EC1 the Human Gladiator began the quest for the Orb.
     0 | D:1      | Reached XP level 1. HP: 18/18 MP: 1/1
    82 | D:1      | Reached XP level 2. HP: 24/24 MP: 2/2
   179 | D:1      | Reached XP level 3. HP: 29/29 MP: 3/3
   198 | D:1      | Gained mutation: Your mind is acute. (Int +2) [potion of
                  | mutation]
   198 | D:1      | Gained mutation: Your magical capacity is low. (-10% MP)
                  | [potion of mutation]
   198 | D:1      | Gained mutation: Your spells are a little easier to cast,
                  | but a little less powerful. [potion of mutation]
   198 | D:1      | Gained mutation: You have a pair of small antennae on your
                  | head. [potion of mutation]
   266 | D:1      | Reached skill level 4 in Long Blades
   887 | D:2      | Reached XP level 4. HP: 34/35 MP: 3/3
   938 | D:2      | Noticed Terence
   970 | D:2      | Killed Terence
  1305 | D:2      | Found a faded altar of an unknown god.
  1305 | D:2      | Found a faded altar of an unknown god.
  1307 | D:2      | Found a hazy altar of Hepliaklqana.
  1317 | D:2      | Became a worshipper of Hepliaklqana the Forgotten
  1745 | D:2      | Reached skill level 1 in Armour
  1770 | D:2      | Reached XP level 5. HP: 36/36 MP: 4/4
  1771 | D:2      | Got a transparent bronze ring
  1772 | D:2      | Identified the cursed ring of Lyucke {rC- Str+4 Dex+4
                  | Stlth--} (You found it on level 2 of the Dungeon)
  2174 | D:3      | Noticed Jessica
  2189 | D:3      | Killed Jessica
  2278 | D:3      | Found a runed door.
  2296 | D:3      | Noticed Crazy Yiuf
  2304 | D:3      | Killed Crazy Yiuf
  2305 | D:3      | Reached skill level 5 in Long Blades
  2365 | D:3      | Reached XP level 6. HP: 29/43 MP: 5/5
  2816 | D:3      | Reached * piety under Hepliaklqana
  3133 | D:3      | Found a bloodstained altar of Trog.
  3191 | D:4      | HP: 1/43 [orc/+0 mace (5)]
  3191 | D:4      | Slain by a worker ant

Skill      XL: |  1  2  3  4  5  6 |
---------------+-------------------+-----
Long Blades    | 4 5 |  5.7
Armour         | 1 2 |  2.8
Dodging        | 4 |  4.2
Fighting       | 4 |  4.0
Throwing       | |  2.3
Stealth        | |  0.4

Action                   |  1- 3 |  4- 6 || total
-------------------------+-------+-------++-------
Melee: Long sword        |    35 |     5 ||    40
       Falchion          |    59 |   172 ||   231
Throw: Tomahawk          |     3 |     6 ||     9
  Use: Potion            |     2 |    10 ||    12
       Scroll            |     2 |     2 ||     4
  Eat: Ration            |       |     2 ||     2
       Chunk             |       |     6 ||     6
Armor: Leather armour    |    29 |     6 ||    35
       Scale mail        |       |    62 ||    62
Dodge: Dodged            |    66 |   104 ||   170
Block: Other             |     1 |    13 ||    14
